 Dungeon Crawl Stone Soup version 0.17-a0-1850-g688e747 (webtiles) character file.

161 Ijustatesigmund the Vandal (level 5, -1/34 HPs)
             Began as a Halfling Hunter on Sept 19, 2015.
             Was an Initiate of Okawaru.
             Slain by a sky beast (5 damage)
             ... on level 3 of the Dungeon.
             The game lasted 00:09:00 (2097 turns).

Ijustatesigmund the Vandal (Halfling Hunter)        Turns: 2097, Time: 00:09:01

Health: -1/34      AC:  7    Str: 12    XL:     5   Next: 70%
Magic:  6/6        EV: 12    Int: 10    God:    Okawaru [......]
Gold:   147        SH:  9    Dex: 16    Spells: 0 memorised, 4 levels left

rFire  . . .     SeeInvis .     a - +1 hunting sling
rCold  . . .     Clarity  .     d - +0 leather armour
rNeg   . . .     SustAt   .     p - +0 shield {reflect}
rPois  .         Gourm    +     (no helmet)
rElec  .         Spirit   .     q - +0 cloak
rCorr  .         Warding  .     (no gloves)
rMut   .         Stasis   .     (no boots)
MR     .....                    i - amulet of the gourmand
Stlth  ++........               (no ring)
                                m - +3 ring of protection

@: hasted, very quick, not resistant to hostile enchantments, unstealthy
A: mutation resistance 1
a: Renounce Religion


You were on level 3 of the Dungeon.
You worshipped Okawaru.
Okawaru was noncommittal.
You were very full.

You visited 1 branch of the dungeon, and saw 3 of its levels.

You collected 147 gold pieces.

Inventory:

Hand weapons
 a - a +1 hunting sling (weapon)
 c - a +0 short sword
Missiles
 g - 65 stones (quivered)
Armour
 d - a +0 leather armour (worn)
 p - a +0 shield of reflection (worn)
 q - a +0 cloak (worn)
Jewellery
 i - an amulet of the gourmand (around neck)
 m - a +3 ring of protection (left hand)
Magical devices
 t - a wand of magic darts (29)
Scrolls
 j - a scroll of blinking
 o - a scroll of magic mapping
 r - 2 scrolls of remove curse
Potions
 k - a potion of agility {unknown}
 s - a potion of curing
 w - a potion of brilliance
Comestibles
 e - 2 bread rations
 l - a beef jerky
 u - 3 fruits


   Skills:
 - Level 1.7 Fighting
 + Level 7.9 Slings
 - Level 2.1 Dodging
 - Level 1.1 Stealth
 + Level 2.5 Shields
 + Level 2.1 Invocations


You had 4 spell levels left.
You didn't know any spells.

Dungeon Overview and Level Annotations

Branches:
Dungeon (3/15)

Altars:
Fedhas
Okawaru
Yredelemnul


Innate Abilities, Weirdness & Mutations

You are small and have problems with some larger weapons.
You are somewhat resistant to further mutation.


Message History

Press: ? - help, Shift-Dir - straight line, f/p - Robin
Aim: Robin, wielding a club, wearing an animal skin and wearing a helmet (almost dead)
You shoot a stone. The stone closely misses Robin.
You block Robin's attack. Something hits you. Something shocks you.
You block the goblin's attack.
Firing (i - inventory):
g - 66 stones (quivered)
Press: ? - help, Shift-Dir - straight line, f/p - Robin
Aim: Robin, wielding a club, wearing an animal skin and wearing a helmet (almost dead)
You shoot a stone. The stone hits Robin!
You kill Robin!
Okawaru accepts your kill. Something hits you. Something shocks you.
* * * LOW HITPOINT WARNING * * *
You block the goblin's attack. The goblin hits you.
* * * LOW HITPOINT WARNING * * *
Drink which item? (? for menu, Esc to quit)
You feel yourself speed up. You block the goblin's attack. Something hits you.
* * * LOW HITPOINT WARNING * * *
Something shocks you.
You die...

#># $......# #.#..... #.# .
...(...###Y#..... #.# . ###
.......#.(...._. ..# #.
..###(.##.#g.#..... .###
#.##..(()..#..g.#..... ...#
#.....(.#..##...##.... ##.#
#...()..(.....####.# ##.####
#..g{##............. ##....#
#..@.###.#.........#
#####.########............#.##.##
#####...........<).....##...##.#
..................####.###..##.#
........##...#....# #.###..##.#
#######......###### #.#....##.#
.........#...# #...##.##.#
########.#...## ##..##.#..#
#....[.#########.###....##


You could see a goblin (frenzied).

Vanquished Creatures
  The ghost of derrpe the Changer, an average DgTm (D:3)
  Robin (D:3)
  An adder (D:2)
  2 orcs (D:3)
  4 giant cockroaches
  17 goblins
  7 hobgoblins
  2 jackals (D:1)
  9 bats
  3 giant geckos (D:1)
  2 giant newts
  3 kobolds
  6 rats
58 creatures vanquished.

Notes
Turn   | Place    | Note
--------------------------------------------------------------
     0 | D:1      | Ijustatesigmund the Halfling Hunter began the quest for the Orb.
     0 | D:1      | Reached XP level 1. HP: 14/14 MP: 1/1
    20 | D:1      | Reached skill level 6 in Slings
   180 | D:1      | Reached XP level 2. HP: 19/19 MP: 2/2
   817 | D:1      | Reached skill level 7 in Slings
   817 | D:1      | Reached XP level 3. HP: 24/24 MP: 3/3
   916 | D:2      | Found a blossoming altar of Fedhas.
  1231 | D:2      | Reached skill level 1 in Shields
  1353 | D:2      | Found an iron altar of Okawaru.
  1362 | D:2      | Became a worshipper of Warmaster Okawaru
  1457 | D:3      | Noticed derrpe's ghost (average DgTm)
  1472 | D:3      | Reached XP level 4. HP: 22/29 MP: 4/4
  1484 | D:3      | Killed derrpe's ghost
  1484 | D:3      | Reached skill level 1 in Invocations
  1484 | D:3      | Reached XP level 5. HP: 15/34 MP: 4/6
  1915 | D:3      | Found a basalt altar of Yredelemnul.
  1972 | D:3      | Noticed a sky beast
  1975 | D:3      | Noticed Robin
  2095 | D:3      | Killed Robin
  2097 | D:3      | Slain by a sky beast

Vault maps used:
D:1:      lordsloth_arrival_two_stooges, feat_on_display
D:2:      nicolae_overflow_crystal_walls, fedhas_altar_3
D:3:      old_standard_altar, uniq_robin

Action                   |  1- 3 |  4- 6 || total
-------------------------+-------+-------++-------
 Fire: Hunting sling     |   126 |    64 ||   190
  Use: Scroll            |    10 |     4 ||    14
       Potion            |       |     1 ||     1
  Eat: Chunk             |    12 |     2 ||    14
